 Dungeon Crawl Stone Soup version 0.28.0-45-g0d030f2227 (webtiles) character file.

Game seed: 9752355311960093457

503 zeratav the Insei (level 7, -7/46 HPs)
             Began as an Octopode Transmuter on Apr 14, 2022.
             Killed from afar by a steam dragon (9 damage)
             ... with a ball of steam
             ... on level 4 of the Dungeon.
             The game lasted 00:11:32 (4261 turns).

zeratav the Insei (Octopode Transmuter)             Turns: 4261, Time: 00:11:33

Health: -7/46      AC:  5    Str: 15    XL:     7   Next: 17%
Magic:  10/10      EV: 14    Int: 16    God:
Gold:   84         SH:  0    Dex: 14    Spells: 6/10 levels left

rFire   . . .      SeeInvis .   l - +8 club {mace}
rCold   . . .      Faith    .   (no shield)
rNeg    . . .      Spirit   .   (helmet restricted)
rPois   .          Reflect  .   (no amulet)
rElec   .          Harm     .   g - +4 ring of protection
rCorr   .          Rampage  .   m - +6 ring of strength
Will    .....                   (no ring)
Stlth   +++.......              (no ring)
HPRegen 0.15/turn               (no ring)
MPRegen 0.12/turn               (no ring)
                                (no ring)
                                (no ring)

@: no status effects
A: almost no armour, amphibious, 8 rings, camouflage 1, gelatinous body 1,
(nimble swimmer 1), tentacles
a: no special abilities


You were on level 4 of the Dungeon.
You visited 1 branch of the dungeon, and saw 4 of its levels.

You collected 84 gold pieces.


Innate Abilities, Weirdness & Mutations

You cannot wear most types of armour.
You are amphibious.
You can wear up to eight rings at the same time.
Your skin changes colour to match your surroundings (Stealth+).
Your rubbery body absorbs attacks. (AC +1, EV +1)
((You are camouflaged when in or above water. (Stealth+)))
You have tentacles for arms and can constrict up to eight enemies at once.


   Skills:
 + Level 3.6 Fighting
 - Level 1.3 Maces & Flails
 + Level 3.6 Dodging
 + Level 2.7 Stealth
 * Level 5.5 Unarmed Combat
 - Level 2.0 Spellcasting
 - Level 2.0 Transmutations


You had 6 spell levels left.
You knew the following spells:

 Your Spells              Type           Power      Damage    Failure   Level
a - Beastly Appendage     Tmut           16%        N/A       9%          1
b - Spider Form           Tmut/Pois      4%         N/A       38%         3

Your spell library contained the following spells:

 Spells                   Type           Power      Damage    Failure   Level
 Wereblood                Tmut           8%         N/A       14%         2
 Ignite Poison            Fire/Tmut/Pois 3%         N/A       43%         3
 Mephitic Cloud           Conj/Pois/Air  1%         N/A       52%         3
 Ozocubu's Armour         Ice            1%         N/A       52%         3
 Ice Form                 Ice/Tmut       4%         N/A       80%         4
 Freezing Cloud           Conj/Ice/Air   0%         6-21      99%         5
 Ozocubu's Refrigeration  Ice            0%         4d5       100%        7

Inventory:

Hand Weapons
 l - a +8 club (weapon) {mace}
   (You took it off Jessica on level 3 of the Dungeon)
Missiles
 e - 4 datura-tipped darts {throwing}
 j - 5 poisoned darts {throwing}
Jewellery
 g - a +4 ring of protection (left tentacle)
   (You found it on level 2 of the Dungeon)
 m - a +6 ring of strength (right tentacle)
   (You found it on level 3 of the Dungeon)
Scrolls
 a - a scroll of blinking {unknown}
 c - a scroll of fear {unknown}
 d - a scroll of identify {unknown}
 f - 4 scrolls of teleportation {unknown}
 i - 2 scrolls of torment {unknown}
 k - a scroll of enchant armour {unknown}
 p - a scroll of enchant weapon {unknown}
Potions
 b - a potion of resistance {unknown}
 h - 2 potions of flight {unknown}
 n - a potion of brilliance {unknown}
 o - 2 potions of curing {unknown}

Dungeon Overview and Level Annotations

Branches:
Dungeon (4/15)
 Temple: D:4-7

Altars:

Shops:
D:1 [:?

Annotations:
D:4 1 runed translucent door, Crazy Yiuf, Duvessa

............................#
..............###.......#...#
..............#.#.....###..###
.............[....##.####.##.#
..................#...##.....##
.##....).........###...#.##...#
####..#.#..).....###.....##...###
#.#...###.....#..##..###.........
.......##.....#.@##..##..........
.##....##.#......§....#..........
..#.........#....#§§§............
###.........####..§..............
##............##...§.............
>...##........[##...D............
................#................
...........................##...#
...........................#..)..


There were no monsters in sight!


Message History

You now have 46 max hp (+4).
HP[+1] MP[+1]
Your transformation has ended.
Your +8 club {mace} unmelds from your body.
You start resting.
HP[+4] MP[+3]
You regained 4 hp, and now have 9/46 hp.
Your mp is fully restored (10).
You start resting.
Duvessa is nearby!
HP[+21]
You regained 21 hp, and now have 30/46 hp.
HP[+1]
You start resting.
HP[+15]
Your hp is fully restored (46).
Found a stone staircase leading down.
You now have 71 gold pieces (gained 8).
Crazy Yiuf shouts!
Crazy Yiuf cries, "Mama arga verde!"
Casting: Spider Form (quite dangerous; 38% risk of failure)
Confirm with . or Enter, or press ? or * to list all spells.
The spell is quite dangerous to miscast (38% risk of failure)!
Continue anyway?
You turn into a venomous arachnid creature.
Your +8 club {mace} melds into your body.
Your transformation is almost over.
MP[-3]
You lost 3 mp, and now have 7/10 mp.
Dowan shouts!
Dowan mumbles some strange words.
Dowan blinks!
Found a stone staircase leading down.
Dowan gestures at you while chanting.
You are outlined in light.
You closely miss Dowan. Dowan closely misses you.
You bite Dowan! Dowan hits you with a +0 dagger.
HP[-2]
You take 2 damage, and now have 44/46 hp.
You bite Dowan!
Dowan is poisoned.
Dowan points at you and mumbles some strange words.
The puff of frost hits you!
HP[-9] MP[+1]
You take 9 damage, and now have 35/46 hp.
You completely miss Dowan. Dowan casts a spell at you.
The puff of flame hits you!
HP[-8]
You take 8 damage, and now have 27/46 hp.
You hit Dowan.
Dowan looks as sick as possible!
Your transformation has ended.
Your +8 club {mace} unmelds from your body.
Dowan closely misses you.
You barely miss Dowan. You grab Dowan. You squeeze Dowan.
You kill Dowan!
You hear a distant scream of rage.
Things that are here:
a +0 dagger {short}; a +0 robe; the elf corpse of Dowan HP[+1] MP[+1]
An orc comes into view. It is wielding a +0 war axe.
The ball python hisses angrily.
You are no longer glowing.
HP[+1]
A hobgoblin comes into view.
A gnoll comes into view. It is wielding a +0 whip.
MP[+1]
Your mp is fully restored (10).
You closely miss the ball python. You grab the ball python.
Your squeeze misses the ball python. You constrict the ball python.
You kill the ball python!
HP[+1]
You start resting.
HP[+16]
Your hp is fully restored (46).
You see here 13 gold pieces.
You now have 84 gold pieces (gained 13).
A steam dragon comes into view.
The steam dragon moves out of view.
The steam dragon breathes steam at you. The ball of steam hits you!!
Ouch! That really hurt!
* * * LOW HITPOINT WARNING * * *
HP[-25]
You take 25 damage, and now have 21/46 hp.
MASSIVE DAMAGE!! (PAUSE)
The steam dragon breathes steam at you. The ball of steam hits you!
* * * LOW HITPOINT WARNING * * *
HP[-15]
You take 15 damage, and now have 6/46 hp.
MASSIVE DAMAGE!! (PAUSE)
You are engulfed in a cloud of scalding steam.
* * * LOW HITPOINT WARNING * * *
HP[-5]
You take 5 damage, and now have 1/46 hp.
HP[+1]
The steam dragon breathes steam at you. The ball of steam hits you!
You die...

Skill      XL: |  1  2  3  4  5  6 |
---------------+-------------------+-----
Unarmed Combat | 4 5 |  5.5
Fighting       | 2 3 |  3.6
Dodging        | 3 |  3.6
Maces & Flails | 1 |  1.3
Stealth        | 1 2 |  2.7
Spellcasting   | |  2.0
Transmutations | |  2.0

Action                   |  1- 3 |  4- 6 |  7- 9 || total
-------------------------+-------+-------+-------++-------
Melee: Unarmed           |    55 |    38 |     5 ||    98
       Kick              |    16 |    17 |       ||    33
       Constrict         |    15 |    18 |     2 ||    35
       Tentacles         |    10 |     9 |     1 ||    20
       Punch             |     1 |     3 |       ||     4
       Club              |       |    43 |     2 ||    45
 Cast: Beastly Appendage |    20 |    15 |       ||    35
       Spider Form       |       |     4 |     1 ||     5
 Stab: Sleeping          |     6 |     6 |       ||    12
Armor: Skin              |     7 |     8 |       ||    15
Dodge: Dodged            |    25 |    36 |     2 ||    63

Levels and vault maps discovered:
D:1:      lightli_arrival_maybe_door_vault, layout_rooms,
          ebering_ecumenical_altar_hall, serial_shops, nicolae_shop_crystal,
          shop, shop_fountains
D:2:      layout_basic
D:3:      layout_basic, serial_bayou_lagoon_a, lexackson_kobold_supper,
          uniq_jessica
D:4:      layout_cave_pools, uniq_duvessa, uniq_crazy_yiuf_cottage

Notes
Turn   | Place    | Note
-------+----------+-------------------------------------------
     0 | D:1      | zeratav the Octopode Transmuter began the quest for the
                  | Orb.
     0 | D:1      | Reached XP level 1. HP: 13/13 MP: 3/3
     0 | D:1      | magus.rc [v1.9.6]
    85 | D:1      | Found a faded altar of an unknown god.
   146 | D:1      | Reached XP level 2. HP: 18/18 MP: 3/5
   396 | D:1      | Found Dair Ode's Magic Scroll Shoppe.
   703 | D:1      | Found Cyas's Armour Boutique.
   712 | D:1      | Reached skill level 4 in Unarmed Combat
   857 | D:1      | Found Xuschaemu's Book Shop.
   861 | D:1      | Reached XP level 3. HP: 23/23 MP: 4/6
   925 | D:1      | You add the spells Ozocubu's Armour and Ozocubu's
                  | Refrigeration to your library.
  1268 | D:2      | You add the spells Ignite Poison, Mephitic Cloud and
                  | Freezing Cloud to your library.
  1615 | D:2      | Reached XP level 4. HP: 28/28 MP: 5/7
  1784 | D:2      | Reached skill level 5 in Unarmed Combat
  1938 | D:2      | Reached skill level 2 in Fighting
  2084 | D:3      | HP: 4/29 [orc priest/divine providence (13)]
  2088 | D:3      | Reached XP level 5. HP: 6/36 MP: 8/8
  2411 | D:3      | Reached skill level 3 in Fighting
  2448 | D:3      | Noticed Jessica
  2451 | D:3      | Killed Jessica
  2590 | D:3      | Noticed an ogre
  2604 | D:3      | Learned a level 3 spell: Spider Form
  2822 | D:3      | Killed an ogre
  2823 | D:3      | Reached skill level 3 in Dodging
  2823 | D:3      | Reached skill level 1 in Maces & Flails
  2823 | D:3      | Reached skill level 1 in Stealth
  2823 | D:3      | Reached XP level 6. HP: 42/42 MP: 6/9
  3485 | D:4      | Noticed Duvessa
  3485 | D:4      | Noticed Dowan
  3532 | D:4      | Reached skill level 2 in Stealth
  3750 | D:4      | HP: 4/42 [ogre/+0 giant club (18)]
  3752 | D:4      | Reached XP level 7. HP: 4/46 MP: 6/10
  4066 | D:4      | Found a runed translucent door.
  4067 | D:4      | Noticed Crazy Yiuf
  4104 | D:4      | Killed Dowan
  4251 | D:4      | Noticed a steam dragon
  4257 | D:4      | HP: 6/46 [steam dragon/ball of steam (15)]
  4258 | D:4      | HP: 1/46 [something] (5)]
  4261 | D:4      | Killed from afar by a steam dragon

Vanquished Creatures
  2 ogres
  Dowan (D:4)
  2 orc priests
  Jessica (D:3)
  2 orc wizards (D:3)
  4 gnolls (D:2)
  4 adders
  An adder skeleton (D:4)
  A worm (D:2)
  2 dart slugs
  4 orcs
  7 endoplasms
  2 giant cockroaches
  7 goblins
  4 hobgoblins
  9 kobolds
  3 quokkas
  2 ball pythons (D:4)
  5 bats
  3 frilled lizards (D:3)
  10 rats
76 creatures vanquished.

Vanquished Creatures (others)
  29 plants (D:3)
29 creatures vanquished.

Grand Total: 105 creatures vanquished

Table legend:
 A = Non-vault XP
 B = Vault XP
 C = Vault XP percentage of total XP
 D = Non-vault monster count
 E = Vault monster count
 F = Vault count percentage of total count
                 A         B        C        D         E       F
            +---------+---------+-------+---------+---------+-------
      Total |     602 |     117 |  16.3 |      66 |      10 |  13.2
            +---------+---------+-------+---------+---------+-------
        D:1 |      34 |       0 |   0.0 |      18 |       0 |   0.0
        D:2 |     162 |       0 |   0.0 |      18 |       0 |   0.0
        D:3 |     270 |      50 |  15.6 |      22 |       9 |  29.0
        D:4 |     136 |      67 |  33.0 |       8 |       1 |  11.1
            +---------+---------+-------+---------+---------+-------

Illustrated notes

Table legend:
 A = Kills in this place as a percentage of kills in entire the game.
 B = Kills by you in this place as a percentage of kills by you in the entire game.
 C = Kills by friends in this place as a percentage of kills by friends in the entire game.
 D = Other kills in this place as a percentage of other kills in the entire game.
 E = Experience gained in this place as a percentage of experience gained in the entire game.
 F = Experience gained in this place divided by the number of levels of this place that you have seen.
                   A       B       C       D       E      F
               +-------+-------+-------+-------+-------+----------------------
         Total | 100.0 | 100.0 |   N/A |   N/A | 100.0 | 179.8
       Dungeon | 100.0 | 100.0 |   N/A |   N/A | 100.0 | 179.8
               +-------+-------+-------+-------+-------+----------------------

Table legend: (Time is in decaauts)
 A = Elapsed time spent in this place.
 B = Non-inter-level travel time spent in this place.
 C = Inter-level travel time spent in this place.
 D = Time resting spent in this place.
 E = Time spent auto-exploring this place.
 F = Levels seen in this place.
 G = Mean time per level.
                   A        B        C        D        E       F      G
               +--------+--------+--------+--------+--------+-----+--------+
         Total |   4267 |   4016 |    251 |   1789 |   1067 |   4 | 1066.8 |
       Dungeon |   4267 |   4016 |    251 |   1789 |   1067 |   4 | 1066.8 |
               +--------+--------+--------+--------+--------+-----+--------+

Top non-repeatable levels by time:
     D:2: 1486 daAuts
     D:3: 1070 daAuts
     D:1: 974 daAuts
     D:4: 735 daAuts
